 Dungeon Crawl Stone Soup version 0.31-a0-978-g1e143483b6 (webtiles) character file.

Game seed: 7265701687143699275

769 sammy202020 the Ruffian (level 7, -2/36 HPs)
             Began as a Vine Stalker Shapeshifter on Oct 31, 2023.
             Slain by an orc warrior
             ... wielding a +1 flail of protection
              (6 damage)
             ... on level 5 of the Dungeon.
             The game lasted 00:06:11 (3764 turns).

sammy202020 the Ruffian (Vine Stalker Shapeshifter) Turns: 3764, Time: 00:06:12

Health: -2/36      AC:  8    Str: 16    XL:     7   Next: 82%
Magic:  0/11       EV:  8    Int: 12    God:
Gold:   238        SH:  0    Dex: 14    Spells: 10/10 levels left

rFire   . .          .
                       - Unarmed
rCold   . . .        (no shield)
rNeg    . . .        g - +0 chain mail
rPois   .            (helmet currently unavailable)
rElec   .            (cloak currently unavailable)
rCorr   .            (gloves currently unavailable)
SInv    .            (boots currently unavailable)
Will    .....        (no amulet) Stlth
                     (no ring)
HPRegen 1.06/turn    (no ring)
MPRegen 0.12/turn

%: guardian spirit
@: beast-form
A: beast (slay +2), fangs 2, regeneration 1, magic shield, antimagic bite, no
potion heal 2
a: Begin Untransformation


You were on level 5 of the Dungeon.
You were a hulking beast.
You visited 1 branch of the dungeon, and saw 5 of its levels.

You collected 238 gold pieces.

Inventory:

Missiles
 l - 6 atropa-tipped darts
Armour
 f - a +2 cloak
 g - a +0 chain mail (worn)
 o - a +2 robe of willpower
 q - a +2 helmet
Jewellery
 e - an amulet of the acrobat
Talismans
 c - a beast talisman (active)
 d - a flux talisman
Wands
 b - a wand of iceblast (12)
 p - a wand of mindburst (13)
Scrolls
 a - 3 scrolls of identify
 j - a scroll of amnesia
 n - a scroll of fear
Potions
 h - a potion of curing {unknown}
 i - 3 potions of heal wounds
 k - 2 potions of invisibility
 m - a potion of mutation {unknown}
 r - a potion of haste {unknown}
 s - a potion of enlightenment
 t - 2 potions of lignification


   Skills:
 * Level 3.3 Fighting
 * Level 2.7 Armour
 * Level 3.5 Dodging
 * Level 4.8 Unarmed Combat
 + Level 2.2 Spellcasting
 + Level 3.8 Shapeshifting


You had 10 spell levels left.
You didn't know any spells.
Your spell library contained the following spells:

 Spells                   Type           Power      Damage    Failure   Level
 Necrotise                Necr           4%         1d4       97%         1
 Ensorcelled Hibernation  Hex/Ice        2%         N/A       99%         2
 Passwall                 Tmut/Erth      0%         N/A       99%         2
 Poisonous Vapours        Pois/Air       2%         N/A       99%         2
 Mephitic Cloud           Conj/Pois/Air  1%         N/A       100%        3
 Swiftness                Air            1%         N/A       100%        3
 Vampiric Draining        Necr           1%         2d6       100%        3
 Agony                    Necr           1%         N/A       100%        5
 Freezing Cloud           Conj/Ice/Air   0%         6-21      100%        5


Dungeon Overview and Level Annotations

Branches:
Dungeon (5/15)
 Temple: D:4-7

Altars:
Kikubaaqudgha
Wu Jian

Shops:
D:2 =


Innate Abilities, Weirdness & Mutations

You are a hulking beast.
Your limbs bulge with bestial killing power. (Slay +2)
You have extremely sharp teeth.
Your natural rate of healing is unusually fast.
When hurt, damage is shared between your health and your magic reserves.
Your bite disrupts and absorbs the magic of your enemies.
Potions cannot restore your health.


Message History

You punch the orc warrior, but do no damage.
The orc warrior is moderately wounded.
The orc warrior hits you with a +1 flail of protection!
You hear some strange, mumbled words.
A puff of flame appears from out of thin air!
The puff of flame hits you.
You hit the orc warrior. You bite the orc warrior. You drain its power.
You feel invigorated.
The orc warrior is moderately wounded.
The orc warrior completely misses you. Something hits you.
You closely miss the orc warrior.
You bite the orc warrior, but do no damage.
The orc warrior is moderately wounded.
Something hits you but does no damage. The orc warrior barely misses you.
Something completely misses you.
You hit the orc warrior but do no damage.
The orc warrior is moderately wounded.
The orc warrior barely misses you. Something hits you.
You hit the orc warrior but do no damage.
The orc warrior is moderately wounded.
Something hits you but does no damage.
The orc warrior hits you with a +1 flail of protection.
Something hits you.
* * * LOW HITPOINT WARNING * * *
You hit the orc warrior but do no damage.
The orc warrior is moderately wounded.
The orc warrior hits you with a +1 flail of protection!
* * * LOW HITPOINT WARNING * * *
Something hits you but does no damage.
You hit the orc warrior but do no damage.
Your bite misses the orc warrior.
The orc warrior is moderately wounded.
Something hits you but does no damage. The orc warrior closely misses you.
Something hits you but does no damage.
You hit the orc warrior but do no damage.
The orc warrior is moderately wounded.
Something hits you.
* * * LOW HITPOINT WARNING * * *
The orc warrior hits you with a +1 flail of protection!
You die...

.......###.##..##
...........#...#
.........#....###
........###..##.####
.......## ##.......##
........# ##(.......#
........###.........#
....................##
.....#...###....h{...#
#....#..##......o).....#
................#...?.##
................#.##..#
.....#.###......... ...
#.#..#.##..........# .#
................#... #
.........##..........
.....####.# ..#


You could see an orc warrior.

Vanquished Creatures
  An ice beast (D:5)
  An ogre (D:4)
  Blork the orc (D:5)
  2 jellies (D:5)
  Crazy Yiuf (D:2)
  Ijyb (D:3)
  A gnoll bouda (D:4)
  2 hounds (D:4)
  Natasha (thrice) (D:3)
  Robin (D:3)
  9 gnolls
  4 adders
  2 worms
  4 dart slugs
  6 orcs
  7 endoplasms
  A giant cockroach (D:3)
  11 goblins
  9 hobgoblins
  8 jackals
  6 kobolds
  8 quokkas
  6 ball pythons
  6 bats (D:1)
  2 frilled lizards
  5 rats
108 creatures vanquished.

Notes
Turn   | Place    | Note
-------+----------+-------------------------------------------
     0 | D:1      | sammy202020 the Vine Stalker Shapeshifter began the quest
                  | for the Orb.
     0 | D:1      | Reached XP level 1. HP: 9/9 MP: 2/2
   102 | D:2      | Reached skill level 1 in Fighting
   126 | D:2      | Reached XP level 2. HP: 14/14 MP: 3/3
   232 | D:1      | Reached XP level 3. HP: 18/18 MP: 2/4
   884 | D:2      | Reached skill level 1 in Armour
   884 | D:2      | Reached XP level 4. HP: 19/22 MP: 3/6
  1241 | D:2      | Found Hufarghufesch's Jewellery Emporium.
  1558 | D:2      | Found a runed translucent door.
  1559 | D:2      | Noticed Crazy Yiuf
  1565 | D:2      | Killed Crazy Yiuf
  1733 | D:3      | Noticed Robin
  1733 | D:3      | Noticed Natasha
  1736 | D:3      | Noticed Ijyb
  1769 | D:3      | Reached skill level 1 in Spellcasting
  1774 | D:3      | Killed Natasha
  1775 | D:3      | Reached XP level 5. HP: 15/26 MP: 3/7
  1785 | D:3      | Killed Ijyb
  1800 | D:3      | Killed Robin
  1978 | D:3      | Noticed Natasha
  1986 | D:3      | Killed Natasha
  2011 | D:3      | Noticed Natasha
  2017 | D:3      | Killed Natasha
  2018 | D:3      | Reached XP level 6. HP: 26/31 MP: 6/9
  2290 | D:3      | Found an ornate altar of the Wu Jian Council.
  2500 | D:4      | Reached skill level 4 in Unarmed Combat
  2826 | D:4      | Reached XP level 7. HP: 29/35 MP: 5/10
  2879 | D:4      | Found an ancient bone altar of Kikubaaqudgha.
  3367 | D:5      | Entered Level 5 of the Dungeon
  3444 | D:5      | Noticed Blork the orc
  3459 | D:5      | Killed Blork the orc
  3764 | D:5      | Slain by an orc warrior

Illustrated notes

Levels and vault maps discovered:
D:1:      spicycebolla_arrival_transporter_tutorial, layout_loops_ring
D:2:      layout_basic, serial_shops, shop, uniq_crazy_yiuf_cottage
D:3:      layout_rooms, nicolae_wu_jian_immortal_techniques,
          hangedman_decor_push, chequers_serial_rivers_large_b,
          serial_bayou_pond_a, hangedman_decor_points, grunt_decor_resistance,
          uniq_robin, uniq_natasha, uniq_ijyb
D:4:      layout_loops_cross, mainiacjoe_overflow_boulevard
D:5:      layout_cave_pools, minmay_temple_entry_grid, roderic_roman_lattice,
          uniq_blork_the_orc

Skill      XL: |  1  2  3  4  5  6  7 |
---------------+----------------------+-----
Fighting       | 1 2 3 |  3.3
Dodging        | 2 3 |  3.5
Armour         | 1 2 |  2.7
Spellcasting   | 1 2 |  2.2
Unarmed Combat | 4 |  4.8
Shapeshifting  | |  3.8

Action                     |  1- 3 |  4- 6 |  7- 9 || total
---------------------------+-------+-------+-------++-------
  Melee: Unarmed           |    79 |   156 |    89 ||   324
         Bite              |    22 |    46 |    33 ||   101
         Punch             |     2 |     3 |     5 ||    10
    Use: Potion            |       |     1 |       ||     1
         Scroll            |       |     6 |     3 ||     9
   Stab: Sleeping          |     3 |       |       ||     3
 Armour: Animal skin       |    33 |       |       ||    33
         Ring mail         |     5 |     1 |       ||     6
         Scale mail        |       |    71 |       ||    71
         Skin              |       |    15 |       ||    15
         Chain mail        |       |    10 |    58 ||    68
  Dodge: Dodged            |    46 |    58 |    34 ||   138
   Form: Beast             |     1 |       |       ||     1

Table legend: (Time is in decaauts)
 A = Elapsed time spent in this place.
 B = Non-inter-level travel time spent in this place.
 C = Inter-level travel time spent in this place.
 D = Time resting spent in this place.
 E = Time spent auto-exploring this place.
 F = Levels seen in this place.
 G = Mean time per level.
                   A        B        C        D        E       F      G
               +--------+--------+--------+--------+--------+-----+--------+
         Total |   3778 |   3657 |    121 |     81 |   2759 |   5 |  755.6 |
       Dungeon |   3778 |   3657 |    121 |     81 |   2759 |   5 |  755.6 |
               +--------+--------+--------+--------+--------+-----+--------+

Top non-repeatable levels by time:
     D:2: 1045 daAuts
     D:4: 869 daAuts
     D:3: 841 daAuts
     D:1: 630 daAuts
     D:5: 390 daAuts
